 Dungeon Crawl Stone Soup version 0.26-a0-1107-g6118521029 (webtiles) character file.

Game seed: 18299382541479736839

4640 pkoi the Carver (level 10, -3/77 HPs)
             Began as a Minotaur Gladiator on Dec 17, 2020.
             Was a Believer of Okawaru.
             Slain by a two-headed ogre
             ... wielding a +0 giant club
              (7 damage)
             ... on level 8 of the Dungeon.
             The game lasted 00:11:24 (7053 turns).

pkoi the Carver (Minotaur Gladiator)                Turns: 7053, Time: 00:11:24

Health: -3/77      AC: 14    Str: 21    XL:     10   Next: 20%
Magic:  10/10      EV: 11    Int:  5    God:    Okawaru [**....]
Gold:   569        SH:  0    Dex: 11    Spells: 9/9 levels left

rFire    + . .     SeeInvis .   a - +1 long sword (spect)
rCold    . . .     Faith    .   (no shield)
rNeg     . . .     Spirit   .   i - +0 chain mail
rPois    .         Reflect  .   j - +1 hat
rElec    .         Harm     .   t - +0 cloak
rCorr    .         Rampage  .   b - +0 pair of gloves
Will     .....                  (no boots)
Stlth    ..........             e - amulet of regeneration
HPRegen  0.62/turn              f - ring of protection from fire
MPRegen  0.12/turn              (no ring)

@: no status effects
A: retaliatory headbutt, horns 2, clumsy 1, frail 1, high mp 1
a: Heroism, Renounce Religion


You were on level 8 of the Dungeon.
You worshipped Okawaru.
Okawaru was pleased with you.
You visited 2 branches of the dungeon, and saw 9 of its levels.
You also visited: Sewer and Ossuary.

You collected 569 gold pieces.

Inventory:

Hand Weapons
 a - a +1 spectral long sword (weapon)
 v - a +2 dagger of flaming
Missiles
 d - 3 throwing nets (quivered)
 u - 6 poisoned darts
 w - 18 boomerangs
Armour
 b - a +0 pair of gloves (worn)
 i - a +0 chain mail (worn)
 j - a +1 hat (worn)
 t - a +0 cloak (worn)
Jewellery
 e - an amulet of regeneration (around neck)
 f - a ring of protection from fire (left hand)
 k - an uncursed amulet of magic regeneration
Wands
 o - a wand of polymorph (6)
 C - a wand of flame (7)
 D - a wand of disintegration (9)
Scrolls
 g - 5 scrolls of identify
 l - 2 scrolls of enchant weapon
 n - 3 scrolls of remove curse
 p - 2 scrolls of brand weapon
 q - 6 scrolls of teleportation
 x - 2 scrolls of fog
 y - a scroll of enchant armour
 H - a scroll of fear
 I - a scroll of magic mapping
Potions
 h - a potion of magic
 m - 8 potions of curing
 r - 2 potions of degeneration {unknown}
 s - 2 potions of lignification {unknown}
 z - 3 potions of haste {unknown}
 A - 4 potions of brilliance {unknown}
 B - 3 potions of heal wounds
 E - 2 potions of attraction {unknown}
 J - a potion of ambrosia


   Skills:
 + Level 7.1 Fighting
 + Level 11.9 Long Blades
 - Level 2.0 Throwing
 + Level 6.6 Armour
 + Level 7.0 Dodging
 + Level 5.3 Evocations


You had 9 spell levels left.
You didn't know any spells.
Your spell library contained the following spells:

 Spells                   Type           Power        Failure   Level
 Poisonous Vapours        Pois/Air       #.....       99%         2
 Conjure Flame            Conj/Fire      #.......     100%        3
 Mephitic Cloud           Conj/Pois/Air  #.......     100%        3
 Freezing Cloud           Conj/Ice/Air   #.........   100%        6


Dungeon Overview and Level Annotations

Branches:
Dungeon (8/15)             Temple (1/1) D:6           Sewer (visited)
Ossuary (visited)
   Lair: D:8-11

Altars:
Ashenzari
Cheibriados
Dithmenos
Elyvilon
Fedhas
Gozag
Hepliaklqana
Kikubaaqudgha
Makhleb
Nemelex Xobeh
Okawaru
Qazlal
Ru
Sif Muna
Trog
Uskayaw
Vehumet
Wu Jian
Xom
Yredelemnul
Zin
The Shining One

Shops:
D:4 [


Innate Abilities, Weirdness & Mutations

You reflexively headbutt those who attack you in melee.
You have a pair of horns on your head.
You are clumsy. (Dex -2)
You are frail. (-10% HP)
You have an increased reservoir of magic. (+10% MP)


Message History

* * * LOW HITPOINT WARNING * * *
Unknown command.
You barely miss the two-headed ogre.
The two-headed ogre is severely wounded.
Your spectral weapon hits the two-headed ogre.
Unknown command.
You hit the two-headed ogre.
The two-headed ogre is almost dead.
Your spectral weapon closely misses the two-headed ogre.
The two-headed ogre barely misses you.
You riposte.
You hit the two-headed ogre.
The two-headed ogre is almost dead.
The two-headed ogre misses you.
You hit the two-headed ogre.
The two-headed ogre is almost dead.
Your spectral weapon barely misses the two-headed ogre.
The two-headed ogre hits you with a +0 giant club!
* * * LOW HITPOINT WARNING * * *
The two-headed ogre hits you with a cursed -2 giant club!
You die...

.#.....#####...#.......#...+
....
.#.............#.......#...
....
<#.............#.......#
#.....#.......#.......#
#.....#.......#######..
#.....#.............#
#.....#.......##....#
#.....#.......##....#
#.....#........@O...#
+........("...#
#.............#
###############


You could see a two-headed ogre and a friendly +1 spectral long sword
(summoned).

Vanquished Creatures
  Joseph (D:7)
  Grinder (D:4)
  Sigmund (D:4)
  Eustachio (D:4)
  Menkaure (D:7)
  An ice beast (D:6)
  2 orc warriors
  3 phantoms
  2 sky beasts
  6 ogres
  2 centaurs
  2 elf zombies (Ossuary)
  2 bullfrogs (D:6)
  3 scorpions
  8 killer bees
  6 wights (D:6)
  A centaur zombie (D:6)
  3 hounds
  A human zombie (Ossuary)
  4 jellies
  3 bullfrog skeletons
  An orc priest (D:4)
  Crazy Yiuf (D:7)
  11 orc wizards
  2 centaur skeletons
  3 iguanas
  A worker ant (D:5)
  2 hound zombies
  2 hound skeletons
  5 mummies
  A howler monkey zombie (D:7)
  10 adders
  A howler monkey skeleton (D:7)
  4 river rats (Sewer)
  2 shadow imps
  3 white imps
  2 ufetubi
  An ooze (D:3)
  2 adder zombies (Ossuary)
  An adder skeleton (D:8)
  3 worms
  3 dart slugs
  6 leopard geckos
  24 orcs
  9 ball pythons
  5 giant cockroaches
  A gnoll zombie (Ossuary)
  4 goblins
  7 hobgoblins
  8 jackals
  3 quokkas
  A ball python zombie (D:5)
  8 bats
  9 frilled lizards
  2 goblin zombies (Ossuary)
  A jackal skeleton (D:6)
  7 kobolds
  4 kobold zombies
  An orc zombie (Ossuary)
  A quokka skeleton (D:4)
  10 rats
226 creatures vanquished.

Notes
Turn   | Place    | Note
-------+----------+-------------------------------------------
     0 | D:1      | pkoi the Minotaur Gladiator began the quest for the Orb.
     0 | D:1      | Reached XP level 1. HP: 18/18 MP: 0/0
    67 | D:1      | Reached skill level 4 in Long Blades
    76 | D:1      | Reached XP level 2. HP: 20/25 MP: 1/1
   281 | D:1      | Reached skill level 5 in Long Blades
   286 | D:1      | Reached XP level 3. HP: 30/30 MP: 2/2
   760 | D:2      | Found a radiant altar of Vehumet.
  1193 | D:3      | Reached skill level 6 in Long Blades
  1193 | D:3      | Reached XP level 4. HP: 37/37 MP: 3/3
  1240 | D:3      | Found a sparkling altar of Nemelex Xobeh.
  1733 | D:4      | Found a glowing drain.
  1742 | Sewer    | Entered a sewer
  1823 | Sewer    | Reached XP level 5. HP: 42/42 MP: 4/4
  1824 | Sewer    | Reached skill level 7 in Long Blades
  2113 | D:4      | Found an opulent altar of Gozag.
  2113 | D:4      | Found a glowing golden altar of the Shining One.
  2173 | D:4      | Noticed an ogre
  2195 | D:4      | Killed an ogre
  2196 | D:4      | Reached skill level 8 in Long Blades
  2196 | D:4      | Reached XP level 6. HP: 23/50 MP: 5/5
  2197 | D:4      | Gained mutation: You are frail. (-10% HP) [potion of
                  | mutation]
  2197 | D:4      | Gained mutation: You are clumsy. (Dex -2) [potion of
                  | mutation]
  2197 | D:4      | Gained mutation: You have an increased reservoir of magic.
                  | (+10% MP) [potion of mutation]
  2226 | D:4      | Found a sand-covered staircase.
  2230 | Ossuary  | Entered an ossuary
  2257 | Ossuary  | Reached skill level 9 in Long Blades
  2259 | Ossuary  | HP: 1/45 [human zombie (2)]
  2268 | Ossuary  | Reached XP level 7. HP: 18/50 MP: 6/6
  2604 | D:4      | Found Buhy's Armour Boutique.
  2674 | D:4      | Reached skill level 10 in Long Blades
  2674 | D:4      | Reached skill level 1 in Evocations
  2680 | D:4      | Noticed Eustachio
  2680 | D:4      | Noticed Grinder
  2696 | D:4      | Killed Eustachio
  2697 | D:4      | Reached skill level 1 in Armour
  2698 | D:4      | Paralysed by Grinder for 3 turns
  2705 | D:4      | Killed Grinder
  2706 | D:4      | Reached XP level 8. HP: 48/56 MP: 7/7
  2769 | D:4      | Noticed Sigmund
  2839 | D:4      | Killed Sigmund
  3642 | D:5      | Entered Level 5 of the Dungeon
  3955 | D:5      | Found a glowing silver altar of Zin.
  4026 | D:5      | Reached skill level 5 in Dodging
  4355 | D:6      | Reached skill level 5 in Fighting
  4389 | D:6      | Reached skill level 11 in Long Blades
  4437 | D:6      | Reached XP level 9. HP: 46/66 MP: 8/8
  4578 | D:6      | Found a shadowy altar of Dithmenos.
  4750 | D:6      | Found a staircase to the Ecumenical Temple.
  4789 | D:6      | Reached skill level 5 in Armour
  4806 | Temple   | Entered the Ecumenical Temple
  5024 | Temple   | Became a worshipper of Warmaster Okawaru
  5802 | D:7      | Noticed Joseph
  5872 | D:7      | Noticed Menkaure
  5933 | D:7      | Killed Menkaure
  5980 | D:7      | Found a runed translucent door.
  5981 | D:7      | Noticed Crazy Yiuf
  6054 | D:7      | Killed Joseph
  6054 | D:7      | Reached * piety under Okawaru
  6393 | D:7      | Killed Crazy Yiuf
  6478 | D:7      | Reached skill level 5 in Evocations
  6555 | D:7      | Reached XP level 10. HP: 75/75 MP: 10/10
  6930 | D:8      | Found a broken altar of Ashenzari.
  7011 | D:8      | Reached ** piety under Okawaru
  7042 | D:8      | Noticed a two-headed ogre
  7053 | D:8      | Slain by a two-headed ogre

Illustrated notes

Levels and vault maps discovered:
D:1:      dpeg_arrival_windows_large_door, layout_rooms
D:2:      minmay_door_path, layout_basic, vehumet_crystals
D:3:      wad_pebble_path, layout_rooms, nemelex_xobeh_ov_fountains_minmay
D:4:      layout_layer_cave, gammafunk_temple_overflow_elements, serial_shops,
          nicolae_shop_waterfront, cheibrodos_sewer_entry_sluice,
          nicolae_ossuary_entry_giza, minmay_vboxes, uniq_eustachio,
          uniq_grinder, uniq_sigmund
D:5:      layout_basic, kennysheep_little_box, serial_curves, eino_curves_04,
          eino_curves_04
D:6:      layout_loops_cross, minmay_temple_entry_junction,
          grunt_dithmenos_smoke
D:7:      layout_basic, minmay_misc_feat_four_crosses,
          kennysheep_generic_room_14, uniq_menkaure, uniq_crazy_yiuf_cottage,
          uniq_joseph
D:8:      layout_gridville, evilmike_ruin_ashenzari
Temple:   regret_index_temple_sphere_string

Skill      XL: |  1  2  3  4  5  6  7  8  9 10 |
---------------+-------------------------------+-----
Long Blades    | 4 5 6 8 9 10 11 | 11.9
Evocations     | 2 3 5 |  5.3
Armour         | 2 4 6 |  6.6
Fighting       | 3 5 6 7 |  7.1
Dodging        | 5 6 7 |  7.0
Throwing       | |  2.0

Action                   |  1- 3 |  4- 6 |  7- 9 | 10-12 || total
-------------------------+-------+-------+-------+-------++-------
Melee: Long sword        |    80 |   128 |   327 |    71 ||   606
       Headbutt          |    14 |    22 |    66 |     9 ||   111
Throw: Throwing net      |     1 |       |       |       ||     1
  Use: Scroll            |     1 |     3 |    12 |       ||    16
       Potion            |       |     8 |     1 |       ||     9
Armor: Leather armour    |    12 |       |       |       ||    12
       Chain mail        |    21 |   126 |   128 |    40 ||   315
Dodge: Dodged            |    63 |    82 |   142 |    37 ||   324
       Rpst.: Long sword |     9 |    19 |    45 |    13 ||    86

Table legend: (Time is in decaauts)
 A = Elapsed time spent in this place.
 B = Non-inter-level travel time spent in this place.
 C = Inter-level travel time spent in this place.
 D = Time resting spent in this place.
 E = Time spent auto-exploring this place.
 F = Levels seen in this place.
 G = Mean time per level.
                   A        B        C        D        E       F      G
               +--------+--------+--------+--------+--------+-----+--------+
         Total |   7089 |   6800 |    289 |    971 |   4141 |  11 |  644.5 |
       Dungeon |   6123 |   5859 |    264 |    853 |   3609 |   8 |  765.4 |
        Temple |    243 |    218 |     25 |      0 |    166 |   1 |  243.0 |
         Sewer |    380 |    380 |      0 |      0 |    239 |   1 |  380.0 |
       Ossuary |    341 |    341 |      0 |    118 |    127 |   1 |  341.0 |
               +--------+--------+--------+--------+--------+-----+--------+

Top non-repeatable levels by time:
     D:4: 1218 daAuts
     D:6: 998 daAuts
     D:7: 881 daAuts
     D:5: 760 daAuts
     D:3: 632 daAuts
     D:1: 616 daAuts
     D:2: 535 daAuts
     D:8: 480 daAuts
   Sewer: 380 daAuts
 Ossuary: 341 daAuts
  Temple: 243 daAuts
